 Dungeon Crawl Stone Soup version 0.14-a0-1626-g054e7ae (webtiles) character file.

122383 M4edhros the Unseen (level 16, -3/98 HPs)
             Began as an Octopode Artificer on Dec 26, 2013.
             Was an Elder of Fedhas.
             Slain by a centaur warrior (4 damage)
             ... on Level 15 of the Dungeon.
             The game lasted 03:45:01 (46127 turns).

M4edhros the Unseen (Octopode Artificer)           Turns: 46127, Time: 03:45:01

HP  -3/98        AC  7     Str 11      XL: 16   Next: 82%
MP   0/41        EV 33     Int 24      God: Fedhas [****..]
Gold 1893        SH 12     Dex 19      Spells:  8 memorised,  2 levels left

rFire  + . .     SeeInvis .     N - +4,+8 shillelagh "Devastator"
rCold  x . .     Clarity  .     c - +2 buckler {rN+}
rNeg   + . .     Conserve .     (helmet restricted)
rPois  .         rCorr    .     D - amulet of guardian spirit
rElec  .         rRot     .     A - ring of protection from magic
SustAb . .       Spirit   +     C - ring of protection from magic
rMut   .         Warding  .     I - +4 ring of protection
Saprov . . .     RndTele  +     H - +6 ring of evasion
                                v - ring of the Sun {Fire Int+1 Acc+5}
                                S - ring "Steyh" {MP+9 Dex+4 Int+3 Acc-3}
                                w - ring of Absolutism {+Fly Str+2}
                                (no ring)

@: phasing, extremely resistant to hostile enchantments, incredibly stealthy
A: almost no armour, amphibious, 8 rings, constrict 8, large bone plates 1,
camouflage 1, agile 1, berserk 1, mutation resistance 1, slow healing 1,
teleportitis 1, weak 1, gelatinous body 1
a: Evolution, Sunlight, Growth, Reproduction, Renounce Religion, Evoke Flight


You were on level 15 of the Dungeon.
You worshipped Fedhas.
Fedhas was greatly pleased with you.
You were very hungry.

You visited 6 branches of the dungeon, and saw 33 of its levels.
You also visited: Ossuary and Volcano.

You collected 3487 gold pieces.
You spent 1594 gold pieces at shops.

Inventory:

Hand weapons
 i - the +3,+7 falchion of Instant Death {venom, rN+ Str+3 Int+4}
   (You took it off an orc high priest on level 14 of the Dungeon)

   It poisons the flesh of those it strikes.
   It affects your strength (+3).
   It affects your intelligence (+4).
   It protects you from negative energy.
 N - the +4,+8 shillelagh "Devastator" (weapon)
   (You found it on level 3 of the Elven Halls)
 P - a +3,+1 orcish trident of venom
Missiles
 j - a bolt
Armour
 c - a +2 buckler of positive energy (worn)
 e - the +0 shield "Ghusit" {Dex+5 Int+2}
   (You bought it in a shop on level 4 of the Orcish Mines)

   It affects your intelligence (+2).
   It affects your dexterity (+5).
Magical devices
 b - a wand of draining (0)
 g - a wand of digging (3)
 n - a wand of flame (14)
 q - a wand of teleportation (2)
 W - a wand of disintegration (4)
Comestibles
 l - 4 rotting chunks of yaktaur flesh
 m - 3 bread rations
 Y - 6 lemons
Scrolls
 a - 3 scrolls of identify
 h - 3 scrolls of teleportation
Jewellery
 u - an uncursed amulet of conservation
 v - the ring of the Sun (on tentacle) {Fire Int+1 Acc+5}
   (You found it on level 13 of the Dungeon)

   [ring of fire]

   It affects your intelligence (+1).
   It affects your accuracy (+5).
 w - the ring of Absolutism (on tentacle) {+Fly Str+2}
   (You took it off a deep elf knight on level 3 of the Elven Halls)

   [ring of strength]

   It affects your strength (+2).
   It lets you fly.
 A - a ring of protection from magic (left tentacle)
 C - a ring of protection from magic (right tentacle)
 D - an amulet of guardian spirit (around mantle)
 H - a +6 ring of evasion (on tentacle)
 I - a +4 ring of protection (on tentacle)
 S - the ring "Steyh" (on tentacle) {MP+9 Dex+4 Int+3 Acc-3}
   (You acquired it on level 3 of the Elven Halls)

   [ring of magical power]

   It affects your intelligence (+3).
   It affects your dexterity (+4).
   It affects your accuracy (-3).
Potions
 f - a potion of curing
 p - 2 potions of resistance
 E - a potion of speed
 F - a potion of might
Books
 r - a book of Wizardry

   Spells                             Type                      Level
   Summon Elemental                   Summoning                    4
   Agony                              Necromancy                   5
   Force Lance                        Conjuration                  5
   Fireball                           Conjuration/Fire             5
   Haste                              Charms                       6
   Invisibility                       Hexes                        6
Miscellaneous
 k - a phial of floods (inert)
 o - a disc of storms
 s - a lamp of fire
 y - a phial of floods (inert)
 z - a lamp of fire
Rods
 d - a +2 rod of the swarm (14/14)
   (You took it off a deep elf knight on level 3 of the Elven Halls)


   Skills:
 - Level 5.0 Fighting
   Level 1.0 Short Blades
 - Level 10.1 Dodging
 - Level 16.5 Stealth
 - Level 0.2 Shields
 - Level 5.8 Unarmed Combat
 + Level 8.0 Spellcasting
 - Level 4.6 Charms
 - Level 10.6 Translocations
 + Level 9.3 Transmutations
 + Level 9.2 Earth Magic
 - Level 13.5 Invocations
 - Level 10.5 Evocations


You had 2 spell levels left.
You knew the following spells:

 Your Spells              Type           Power        Failure   Level  Hunger
a - Control Teleport      Chrm/Tloc      #####.....   3%          4    ##.....
b - Lee's Rapid Deconstr  Erth           ######....   6%          5    ####...
c - Phase Shift           Tloc           ######....   2%          5    ####...
d - Stoneskin             Trmt/Erth      ######....   1%          2    None
e - Spider Form           Trmt/Pois      ####......   3%          3    None
f - Statue Form           Trmt/Erth      ######....   28%         6    ######.
g - Regeneration          Chrm/Necr      ###.......   12%         3    None
h - Apportation           Tloc           ######....   1%          1    None


Dungeon Overview and Level Annotations

Branches:
Dungeon (15/16)            Temple (1/1) D:4             Orc (4/4) D:12
    Elf (3/3) Orc:4          Lair (8/8) D:9          Shoals (2/5) Lair:4
  Snake (0/5) Lair:6        Slime (0/6) Lair:8
 Vaults: D:14-15

Altars:
Ashenzari
Elyvilon
Fedhas
Kikubaaqudgha
Makhleb
Nemelex Xobeh
Okawaru
Sif Muna
Trog
Xom
Yredelemnul
the Shining One

Shops:
D:9 [:   Orc:3 :   Orc:4 =[*(

Portals:
Hell: Lair:8

Annotations:
Elf:1 exclusion: soul eater
Elf:3 Aizul
Shoals:1 exclusion: Roxanne, Roxanne


Innate Abilities, Weirdness & Mutations

You cannot wear most types of armour.
You are amphibious.
You can wear up to eight rings at the same time.*
You can use your tentacles to constrict many enemies at once.*
Your skin changes colour to match your surroundings (Stlth).*
Your rubbery body absorbs attacks (AC +1).*
You are partially covered in large bone plates (AC +2, SH +2).*
You are agile. (Dex +2)
You tend to lose your temper in combat.
You are somewhat resistant to further mutation.
You heal slowly when monsters are visible.
Space occasionally distorts in your vicinity.
You are weak. (Str -2)


Message History

You momentarily phase out as the centaur warrior's attack passes through you.
Unknown command.
Unknown command.
Unknown command.
Read which item? (? for menu, Esc to quit)
Okay, then.
Evoke which item? (* to show all) (? for menu, Esc to quit)
Okay, then.
Drink which item? (? for menu, Esc to quit)
Okay, then.
Evoke which item? (* to show all) (? for menu, Esc to quit)
Aim the phial where?
Press: ? - help, Shift-Dir - straight line, f - Urug
Aim: Urug, wielding an orcish long sword and wearing an orcish scale mail (almost dead, constricted by you)
The flood of elemental water hits Urug.
You kill Urug!
Floosh!
The water rises up and takes form.
The centaur warrior hits you.
You die...
Fedhas appreciates your contribution to the ecosystem.

...# #...#########.####.# #..
...# #...# #......# #.. ...#
#...# #......######.. ...# #...#
#.............. ...# #...#
#....#########. ...####...#
#(...# #.
..........#########...(# #.
...................(...# #.
..........(....ā‰ˆ@c(....# #.
...............cED)....# #.
...............ā‰ˆzā‰ˆ.....# #.
#+#...............(....# #.
).#..########'###......#########.
..#..# ... #.........>.O....
..#..# .. '.##'####.######.
..#..# . #.# .. #.# #. ..#..# '.#
#(# #.


You could see a centaur warrior, a yaktaur, a mottled dragon, a basilisk
skeleton and a friendly water elemental.

Vanquished Creatures
  A deep elf demonologist (Elf:3)
  A dire elephant (Lair:8)
  2 deep elf annihilators (Elf:3)
  A deep elf death mage (Elf:3)
  A wandering mushroom (Shoals:1)
  2 vault guards (D:14)
  A deep elf high priest (Elf:3)
  3 hydras
  Harold (Orc:2)
  The ghost of Restia the Severer, a powerful TeBe of Trog (Lair:4)
  Urug (D:15)
  2 centaur warriors
  3 red-nosed reindeers (Lair:6)
  An orc high priest (Elf:2)
  11 deep elf knights
  A large abomination (D:13)
  A sea snake (Lair:4)
  A wizard (Lair:8)
  3 unseen horrors
  5 hill giants
  6 harpies
  2 orc sorcerers
  8 deep elf conjurers
  2 orc knights
  2 basilisks
  3 griffons
  2 cyclopes
  A red wasp (shapeshifter) (Elf:2)
  Erolcha (D:9)
  3 elephants
  Maurice (D:9)
  A water elemental (Elf:3)
  An orange demon (Lair:8)
  6 deep elf summoners
  3 fire drakes
  8 spiny frogs
  7 yaktaurs (D:15)
  A demonic crawler (Elf:2)
  2 mermaids
  A blue devil (Elf:1)
  5 trolls
  4 deep elf priests
  A two-headed ogre (D:15)
  A jumping spider (Elf:2)
  A fire vortex (Volcano)
  Prince Ribbit (D:4)
  2 hydra skeletons (D:15)
  2 human skeletons (D:14)
  A boulder beetle (Lair:7)
  A wind drake (shapeshifter) (D:15)
  3 harpy skeletons (Shoals:1)
  5 blink frogs
  A ynoxinul (Elf:1)
  3 wyverns
  18 ugly things
  4 deep elf magi
  The ghost of CrazyArbalest the Cudgeler, an average OgBe of Trog (D:3)
  36 reindeers
  A shark (Shoals:1)
  Eustachio (D:9)
  Grum (Orc:2)
  2 molten gargoyles (Volcano)
  A wraith (D:13)
  A fire elemental (Volcano)
  A hill giant skeleton (D:13)
  6 deep elf fighters
  3 hippogriffs
  2 hungry ghosts
  5 merfolk
  3 vampire mosquitoes (D:15)
  4 wolves
  2 swamp drakes
  A soldier ant (shapeshifter) (D:15)
  4 manticores
  6 porcupines
  3 small abominations (D:13)
  13 orc warriors
  A yellow wasp (D:11)
  A black bear (D:10)
  2 sky beasts
  6 ogres
  2 phantoms
  6 centaurs
  4 wargs
  2 big kobolds
  A boring beetle (Lair:4)
  16 crocodiles
  16 water moccasins
  4 giant slugs
  12 giant frogs
  6 agate snails
  3 eyes of draining
  An eye of draining (shapeshifter) (D:13)
  31 killer bees
  A wight (D:12)
  A troll skeleton (D:14)
  2 reindeer skeletons
  12 crimson imps
  16 orc priests
  3 water moccasin zombies (Ossuary)
  A goliath beetle (D:7)
  A quasit (D:10)
  9 iguanas
  12 hounds
  A big fish (D:8)
  3 scorpions
  15 jellies
  An iron imp (D:9)
  A water moccasin skeleton (D:6)
  2 orange rats (Elf:1)
  19 orc wizards
  8 worker ants
  22 sheep
  4 big kobold zombies (Ossuary)
  A mottled dragon skeleton (D:13)
  2 mummies (Ossuary)
  23 adders
  14 green rats
  A giant mite (Lair:5)
  3 giant centipedes
  5 gnolls
  4 worms
  An inept feature mimic (D:5)
  3 adder zombies (Ossuary)
  2 giant eyeballs
  4 giant geckos
  12 oozes
  125 orcs
  5 giant cockroaches
  10 goblins
  19 hobgoblins
  23 kobolds
  10 quokkas
  2 ball pythons
  24 bats
  2 giant newts
  A giant spore (Elf:3)
  2 gnoll zombies (Ossuary)
  4 hobgoblin zombies (Ossuary)
  19 jackals
  2 kobold skeletons
  8 kobold zombies (Ossuary)
  4 orc skeletons
  7 orc zombies (Ossuary)
  18 rats
  2 butterflies (Lair:1)
  A fungus (Lair:5)
865 creatures vanquished.

Vanquished Creatures (collateral kills)
  2 deep elf blademasters (Elf:3)
  2 deep elf master archers (Elf:3)
  Maud (Shoals:1)
  2 deep elf sorcerers (Elf:3)
  Louise (Shoals:1)
  3 orc warlords
  4 deep elf demonologists (Elf:3)
  5 deep elf death magi (Elf:3)
  6 deep elf annihilators (Elf:3)
  An ettin (Orc:4)
  3 deep elf high priests (Elf:3)
  2 hydras
  9 wandering mushrooms
  Erica (Lair:3)
  2 orc high priests
  3 red-nosed reindeers (Lair:7)
  4 spectral elves (Elf:3)
  4 deep elf knights
  A sun demon (Lair:8)
  The ghost of HollowCharge the Basher, an experienced OgGl of the Shining One (D:7)
  A lindwurm (Volcano)
  2 sea snakes (Shoals:1)
  A wizard (D:13)
  A giant amoeba (D:12)
  4 large abominations (D:13)
  A harpy (Shoals:2)
  3 hill giants
  5 orc knights (Orc:4)
  A griffon (Lair:4)
  4 orc sorcerers
  2 cyclopes
  14 elephants
  A sixfirhy (Lair:8)
  2 orange demons (Lair:8)
  2 deep elf summoners
  4 black mambas
  5 spiny frogs
  Psyche (Orc:4)
  A mermaid (Shoals:1)
  2 hellwings
  6 komodo dragons
  A blue devil (Orc:4)
  A yaktaur (D:14)
  2 deep elf priests (Elf:3)
  A polar bear (Lair:8)
  6 snapping turtles
  A queen bee (Orc:2)
  A troll (D:10)
  5 blink frogs (Lair:3)
  A shadow (D:12)
  A grizzly bear (Lair:8)
  2 two-headed ogres
  29 reindeers
  A redback (shapeshifter) (D:13)
  2 wraiths (D:12)
  3 merfolk
  4 deep elf magi (Elf:3)
  A wyvern (D:7)
  A hungry ghost (D:9)
  2 elephant slugs
  5 hippogriffs
  2 ugly things (D:13)
  6 deep elf fighters (Elf:3)
  A ynoxinul (Elf:3)
  A neqoxec (Elf:3)
  4 wolves
  A vampire mosquito (Elf:3)
  5 crocodiles
  3 manticores
  A hell hound (Lair:8)
  26 orc warriors
  2 nagas (Lair:6)
  4 small abominations (D:13)
  2 sky beasts
  8 ogres
  3 ice beasts
  3 centaurs
  2 yellow wasps
  6 lost souls (Elf:3)
  Satan Claus (D:3)
  6 wargs
  7 rotting devils
  A gnoll sergeant (D:9)
  A water moccasin (Lair:1)
  4 agate snails
  15 killer bees
  5 jellies
  2 hippogriff skeletons
  3 hounds
  A goliath beetle (D:13)
  2 wights (D:12)
  16 orc priests
  A centaur skeleton (D:7)
  A giant frog skeleton (D:11)
  2 scorpions
  A crimson imp (Elf:3)
  3 iguanas
  17 orc wizards
  9 sheep
  2 worker ants
  An ogre skeleton (Orc:4)
  2 adders
  6 green rats
  7 orc skeletons (Orc:4)
  A shadow imp (Elf:3)
  A worm (Elf:3)
  An ufetubus (Elf:3)
  9 oozes (D:12)
  85 orcs
  A bat skeleton (D:8)
  3 hobgoblins
  2 jackals (Lair:5)
  2 quokkas
  5 bats
  A giant cockroach (D:7)
  13 giant spores
  3 goblins
  2 rats
  A fungus (Lair:8)
  5 toadstools
521 creatures vanquished.

Vanquished Creatures (others)
  3 oklob plants (Orc:4)
  A hyperactive ballistomycete (Orc:2)
  A spiny frog (Lair:3)
  3 water elementals
  A red wasp zombie (D:15)
  A deep elf mage (Elf:3)
  2 deep elf fighters (Elf:3)
  A necrophage (D:8)
  An orc warrior (D:6)
  A giant frog (D:10)
  4 killer bees
  2 goliath beetles
  A hound (D:7)
  3 spiders
  3 scorpions
  A worker ant (Shoals:2)
  A worm zombie (D:5)
  2 worms
  An orc (D:6)
  4 giant spores
  78 wandering mushrooms
  4 ballistomycetes
  12 fungi
  6 plants
  783 toadstools
920 creatures vanquished.

Grand Total: 2306 creatures vanquished

Notes
Turn   | Place    | Note
--------------------------------------------------------------
     0 | D:1      | M4edhros, the Octopode Artificer, began the quest for the Orb.
     0 | D:1      | Reached XP level 1. HP: 13/13 MP: 1/1
   277 | D:1      | Reached XP level 2. HP: 11/18 MP: 3/3
   799 | D:1      | Reached XP level 3. HP: 21/23 MP: 4/4
   900 | D:2      | Found a white marble altar of Elyvilon.
   928 | D:2      | Reached skill level 4 in Evocations
  1127 | D:4      | Noticed Prince Ribbit
  1128 | D:4      | Paralysed by a giant eyeball for 4 turns
  1138 | D:4      | Paralysed by a giant eyeball for 4 turns
  1288 | D:4      | Killed Prince Ribbit
  1288 | D:4      | Reached skill level 6 in Stealth
  1288 | D:4      | Reached skill level 5 in Evocations
  1288 | D:4      | Reached XP level 4. HP: 13/28 MP: 7/7
  1288 | D:4      | Reached XP level 5. HP: 15/33 MP: 9/9
  1288 | D:4      | Reached XP level 6. HP: 17/38 MP: 11/11
  1292 | D:4      | Reached skill level 7 in Stealth
  1424 | D:4      | Found an iron altar of Okawaru.
  1434 | D:4      | Found a sand-covered staircase.
  1439 | Ossuary  | Entered an ossuary
  2675 | Ossuary  | Reached skill level 8 in Stealth
  2681 | Ossuary  | Reached XP level 7. HP: 27/43 MP: 13/13
  3357 | D:4      | Reached skill level 9 in Stealth
  3396 | D:4      | Found a staircase to the Ecumenical Temple.
  3407 | D:4      | Found a sparkling altar of Nemelex Xobeh.
  3902 | Temple   | Entered the Ecumenical Temple
  3918 | Temple   | Became a worshipper of Fedhas Madash
  4550 | D:3      | Noticed CrazyArbalest's ghost (average OgBe)
  4597 | D:3      | Killed CrazyArbalest's ghost
  4597 | D:3      | Reached skill level 10 in Stealth
  4597 | D:3      | Reached XP level 8. HP: 48/48 MP: 8/17
  4942 | D:3      | Acquired Fedhas' first power
  5110 | D:3      | Noticed Satan Claus
  5128 | D:3      | Killed Satan Claus
  5519 | D:5      | Entered Level 5 of the Dungeon
  5607 | D:5      | Reached skill level 1 in Invocations
  6133 | D:5      | Acquired Fedhas' second power
  6184 | D:5      | HP: 2/48 [poisoned by a scorpion]
  6492 | D:6      | Reached skill level 11 in Stealth
  6715 | D:6      | Reached XP level 9. HP: 14/53 MP: 6/19
  7996 | D:7      | Noticed HollowCharge's ghost (experienced OgGl)
  8007 | D:7      | Killed HollowCharge's ghost
  8007 | D:7      | Reached skill level 12 in Stealth
  8007 | D:7      | Reached skill level 5 in Invocations
  8323 | D:7      | Acquired Fedhas' third power
  8899 | D:8      | Reached skill level 13 in Stealth
  8899 | D:8      | Reached XP level 10. HP: 29/58 MP: 16/21
  9117 | D:9      | Noticed Erolcha
  9128 | D:9      | Killed Erolcha
  9366 | D:9      | Found Vuoniog's Book Emporium.
  9452 | D:9      | Found a bloodstained altar of Trog.
  9468 | D:9      | Reached skill level 5 in Dodging
  9480 | D:9      | Noticed Eustachio
  9501 | D:9      | Killed Eustachio
  9521 | D:9      | Found a shimmering altar of Xom.
  9928 | D:9      | Found a staircase to the Lair.
 10059 | D:9      | Noticed Maurice
 10063 | D:9      | Found Striot Adwe's Armour Boutique.
 10076 | D:9      | Killed Maurice
 10076 | D:9      | Reached skill level 14 in Stealth
 10454 | D:10     | Entered Level 10 of the Dungeon
 10462 | D:10     | Acquired Fedhas' fourth power
 10491 | D:10     | Noticed a cyclops
 10510 | D:10     | Killed a cyclops
 10959 | D:10     | Noticed a hill giant
 10983 | D:10     | Killed a hill giant
 10983 | D:10     | Reached XP level 11. HP: 61/63 MP: 19/24
 11295 | D:10     | Noticed a hill giant
 11311 | D:10     | Killed a hill giant
 11311 | D:10     | Reached skill level 10 in Evocations
 12603 | D:11     | Found a blossoming altar of Fedhas.
 12645 | D:11     | Noticed a hill giant
 12685 | D:11     | Killed a hill giant
 12689 | D:11     | Reached skill level 10 in Invocations
 12741 | D:11     | Noticed an unseen horror
 12745 | D:11     | Killed an unseen horror
 12946 | D:11     | Paralysed by a yellow wasp for 3 turns
 13222 | D:11     | Noticed a hill giant
 13235 | D:11     | Killed a hill giant
 13235 | D:11     | Reached skill level 15 in Stealth
 13517 | D:12     | Acquired Fedhas' fifth power
 13577 | D:12     | Noticed an unseen horror
 13582 | D:12     | Killed an unseen horror
 13739 | D:12     | Noticed a giant amoeba
 13757 | D:12     | Killed a giant amoeba
 14069 | D:12     | Reached XP level 12. HP: 45/68 MP: 16/26
 14301 | D:12     | Noticed an eight-headed hydra
 14314 | D:12     | Killed an eight-headed hydra
 14330 | D:12     | Noticed a seven-headed hydra
 14380 | D:12     | Killed a seven-headed hydra
 14732 | D:12     | Noticed a hill giant
 14753 | D:12     | Killed a hill giant
 14884 | D:12     | Found a staircase to the Orcish Mines.
 15100 | D:12     | Reached skill level 16 in Stealth
 15321 | D:13     | Identified Crutett's Compendium of the Compass
 15339 | D:13     | Learned a level 4 spell: Control Teleport
 15544 | D:13     | Reached skill level 1 in Translocations
 15731 | D:13     | Gained mutation: You are partially covered in large bone plates (AC +2, SH +2). [mutagenic meat]
 15732 | D:13     | Gained mutation: You are somewhat resistant to further mutation. [mutagenic meat]
 15996 | D:13     | Got a slimy steel ring
 15997 | D:13     | Identified the ring of the Sun {Fire Int+1 Acc+5} (You found it on level 13 of the Dungeon)
 16304 | Orc:1    | Entered Level 1 of the Orcish Mines
 16588 | Orc:2    | Noticed Grum
 16590 | Orc:2    | Killed Grum
 16932 | Orc:2    | Noticed Harold
 16945 | Orc:2    | Killed Harold
 17063 | Orc:2    | Reached XP level 13. HP: 61/72 MP: 21/29
 17937 | Orc:2    | Learned a level 3 spell: Teleport Other
 17943 | Orc:2    | Learned a level 5 spell: Phase Shift
 18315 | Orc:3    | Noticed an orc warlord
 18336 | Orc:2    | Killed an orc warlord
 18517 | Orc:3    | Noticed an orc warlord
 18583 | Orc:3    | Found Poeqyfaq's Book Shoppe.
 18606 | Orc:2    | Reached skill level 5 in Translocations
 18831 | Orc:3    | Killed an orc warlord
 19338 | Orc:4    | Entered Level 4 of the Orcish Mines
 19341 | Orc:4    | Found a staircase to the Elven Halls.
 19407 | Orc:4    | Found Tiukay's General Store.
 19502 | Orc:4    | Noticed Psyche
 19505 | Orc:4    | Killed Psyche
 19731 | Orc:4    | Noticed an orc warlord
 19769 | Orc:4    | Killed an orc warlord
 20076 | Orc:4    | Reached skill level 10 in Dodging
 20240 | Orc:4    | Found Maopt's Antique Armour Shoppe.
 20355 | Orc:4    | Noticed an ettin
 20379 | Orc:4    | Killed an ettin
 20669 | Orc:4    | Found Graexiss' Antique Weapon Shop.
 20738 | Orc:4    | Found Gratt's Jewellery Boutique.
 20772 | Orc:4    | Found a bloodstained altar of Trog.
 20990 | Orc:4    | Bought an encrusted large shield for 387 gold pieces
 20999 | Orc:4    | Identified the +0 large shield "Hegra" {Stlth-- Curse} (You bought it in a shop on level 4 of the Orcish Mines)
 21009 | Orc:4    | Bought a shimmering shield for 294 gold pieces
 21016 | Orc:4    | Identified the +0 shield "Ghusit" {Dex+5 Int+2} (You bought it in a shop on level 4 of the Orcish Mines)
 21337 | D:9      | Bought a book of Transfigurations for 880 gold pieces
 21441 | Lair:1   | Entered Level 1 of the Lair of Beasts
 21896 | Lair:1   | Gained mutation: You heal slowly when monsters are visible. [potion of mutation]
 22763 | Lair:2   | Found a dark tunnel.
 22889 | Volcano  | Entered a volcano
 23818 | Lair:3   | Noticed Erica
 23878 | Lair:3   | Reached XP level 14. HP: 71/79 MP: 23/30
 24425 | Lair:3   | Reached skill level 10 in Translocations
 24683 | Lair:3   | Killed Erica
 25157 | Lair:4   | Noticed Restia's ghost (powerful TeBe)
 25166 | Lair:4   | Killed Restia's ghost
 25178 | Lair:4   | Noticed Fannar
 25181 | Lair:4   | Noticed Fannar
 25181 | Lair:4   | Fannar changed into Fannar the cyclops
 25187 | Lair:4   | Killed Fannar the cyclops
 25402 | Lair:4   | Found a staircase to the Shoals.
 26693 | Lair:5   | Reached skill level 1 in Spellcasting
 28340 | Lair:6   | Learned a level 2 spell: Stoneskin
 28456 | Lair:6   | Reached skill level 1 in Transmutations
 28456 | Lair:6   | Reached skill level 1 in Earth Magic
 29165 | Lair:6   | Found a staircase to the Snake Pit.
 30540 | Lair:8   | Entered Level 8 of the Lair of Beasts
 30700 | Lair:8   | Reached skill level 5 in Fighting
 31361 | Lair:8   | Found a staircase to the Slime Pits.
 32509 | Lair:8   | Reached XP level 15. HP: 82/92 MP: 28/31
 32659 | Lair:8   | Found a burning altar of Makhleb.
 32694 | Lair:8   | Reached skill level 5 in Earth Magic
 32710 | Lair:8   | Found a gateway to Hell.
 32724 | Lair:8   | Learned a level 3 spell: Spider Form
 33248 | Elf:1    | Entered Level 1 of the Elven Halls
 33262 | Elf:1    | Paralysed by the power of Zot for 3 turns
 33479 | Elf:2    | Reached skill level 5 in Transmutations
 33780 | Elf:2    | Reached skill level 5 in Spellcasting
 34644 | Elf:3    | Entered Level 3 of the Elven Halls
 34873 | Elf:3    | Noticed Aizul
 34939 | Elf:3    | Identified a scroll of acquirement
 34941 | Elf:3    | Got a transparent pewter ring
 34942 | Elf:3    | Identified the ring "Steyh" {MP+9 Dex+4 Int+3 Acc-3} (You acquired it on level 3 of the Elven Halls)
 35393 | Elf:3    | Learned a level 6 spell: Statue Form
 35874 | Elf:3    | Reached skill level 1 in Unarmed Combat
 36200 | Elf:3    | Identified a +2 rod of the swarm (10/14) (You took it off a deep elf knight on level 3 of the Elven Halls)
 36332 | Elf:3    | Noticed a deep elf blademaster
 36340 | Elf:3    | Killed a deep elf blademaster
 36456 | Elf:3    | Noticed a deep elf sorcerer
 36474 | Elf:3    | Killed a deep elf sorcerer
 36617 | Elf:3    | Noticed a deep elf blademaster
 36622 | Elf:3    | Killed a deep elf blademaster
 36695 | Elf:3    | Got a warped tin amulet
 36718 | Elf:3    | Got a polished great mace
 36863 | Elf:3    | Noticed a deep elf sorcerer
 36880 | Elf:3    | Killed a deep elf sorcerer
 36886 | Elf:3    | Got a scintillating marble ring
 37028 | Elf:3    | Noticed a deep elf master archer
 37037 | Elf:3    | Noticed a deep elf master archer
 37049 | Elf:3    | Killed a deep elf master archer
 37074 | Elf:3    | Reached skill level 5 in Unarmed Combat
 37081 | Elf:3    | Killed a deep elf master archer
 37290 | Elf:3    | Got a warped quarterstaff
 37579 | Elf:3    | Got a bloodstained long sword
 37587 | Elf:3    | Identified the Disquisition on Aid
 37594 | Elf:3    | Learned a level 3 spell: Regeneration
 37602 | Elf:3    | Identified the Reference Book on the Mountains and Transmutation (You found it on level 3 of the Elven Halls)
 37628 | Elf:3    | Identified the cursed ring of Absolutism {+Fly Str+2} (You took it off a deep elf knight on level 3 of the Elven Halls)
 37980 | Elf:1    | Learned a level 1 spell: Apportation
 38030 | Elf:1    | Reached XP level 16. HP: 98/98 MP: 32/32
 38373 | Lair:2   | Identified the amulet of the Castellan {Clar Dex+4} (You took it off a deep elf high priest on level 3 of the Elven Halls)
 38374 | Lair:2   | Identified the +6,+8 quarterstaff of Wounding {freeze, rC+ Int+2} (You took it off a deep elf annihilator on level 3 of the Elven Halls)
 38375 | Lair:2   | Identified the +8,+10 great mace of Balance {crush, rElec SInv} (You took it off a deep elf priest on level 3 of the Elven Halls)
 38375 | Lair:2   | Identified the cursed -2,-2 long sword of Yredelemnul's Outrage {freeze, Int+2} (You found it on level 3 of the Elven Halls)
 38674 | Shoals:1 | Entered Level 1 of the Shoals
 38723 | Shoals:1 | Reached skill level 1 in Charms
 38727 | Shoals:1 | Noticed Maud
 38743 | Shoals:1 | Killed Maud
 39336 | Shoals:1 | Noticed Roxanne
 39824 | Shoals:1 | Noticed Louise
 39871 | Shoals:1 | Killed Louise
 41608 | Orc:4    | Bought a potion of heal wounds for 33 gold pieces
 42599 | Elf:1    | You fall through a shaft!
 43120 | Lair:2   | Learned a level 5 spell: Lee's Rapid Deconstruction
 43540 | D:14     | Noticed a vault guard
 43576 | D:14     | Killed a vault guard
 43631 | D:14     | Noticed an orc high priest
 43636 | D:14     | Killed an orc high priest
 43638 | D:14     | Noticed a vault guard
 43646 | D:14     | Killed a vault guard
 44404 | D:14     | Noticed a rakshasa
 44691 | D:14     | Got a crude falchion {venom}
 44692 | D:14     | Identified the +3,+7 falchion of Instant Death {venom, rN+ Str+3 Int+4} (You took it off an orc high priest on level 14 of the Dungeon)
 44693 | D:14     | Noticed a vault guard
 44694 | D:14     | Noticed a vault guard
 44755 | D:15     | Entered Level 15 of the Dungeon
 45665 | D:15     | Gained mutation: You are agile. (Dex +2) [mutagenic meat]
 45818 | D:15     | Gained mutation: You tend to lose your temper in combat. [mutagenic meat]
 45820 | D:15     | Gained mutation: Space occasionally distorts in your vicinity. [mutagenic meat]
 45862 | D:15     | Gained mutation: You are weak. (Str -2) [mutagenic meat]
 46079 | D:15     | Noticed Urug
 46126 | D:15     | HP: 1/98 [centaur warrior (5)]
 46127 | D:15     | Killed Urug
 46127 | D:15     | Slain by a centaur warrior

Action                   |  1- 3 |  4- 6 |  7- 9 | 10-12 | 13-15 | 16-18 || total
-------------------------+-------+-------+-------+-------+-------+-------++-------
Melee: Mace              |    54 |    86 |   285 |   103 |       |       ||   528
       Short sword       |     3 |       |       |   520 |   107 |       ||   630
       Trident           |       |       |       |       |  1416 |   346 ||  1762
       Unarmed           |       |       |       |       |    18 |   195 ||   213
       Shillelagh        |       |       |       |       |    14 |    91 ||   105
       Cutlass           |       |       |       |       |     2 |       ||     2
       Rod               |       |       |       |       |       |    15 ||    15
 Cast: Phase Shift       |       |       |       |       |    35 |    37 ||    72
       Teleport Other    |       |       |       |       |     2 |     1 ||     3
       Stoneskin         |       |       |       |       |     4 |    10 ||    14
       Spider Form       |       |       |       |       |     2 |    15 ||    17
       Regeneration      |       |       |       |       |       |    48 ||    48
       Lee's Rapid Decon |       |       |       |       |       |    10 ||    10
       Control Teleport  |       |       |       |       |       |     2 ||     2
       Statue Form       |       |       |       |       |       |     2 ||     2
Invok: Evolution         |       |       |     7 |    22 |    67 |    10 ||   106
       Sunlight          |       |       |     4 |    29 |    31 |     9 ||    73
       Reproduction      |       |       |       |     2 |    13 |       ||    15
       Growth            |       |       |       |       |     9 |     1 ||    10
 Abil: End Transformatio |       |       |       |       |     1 |       ||     1
Evoke: Wand              |    14 |     1 |    25 |    28 |    32 |     4 ||   104
       phial of floods   |       |       |       |     1 |     4 |     3 ||     8
       lamp of fire      |       |       |       |       |     2 |     1 ||     3
       Rod               |       |       |       |       |     1 |     5 ||     6
       disc of storms    |       |       |       |       |       |     1 ||     1
  Use: Potion            |     4 |     1 |    12 |     9 |    18 |    10 ||    54
       Scroll            |       |       |    18 |    11 |    18 |    14 ||    61
 Stab: Sleeping          |     4 |     3 |    27 |    54 |   106 |    14 ||   208
       Confused          |       |       |     1 |    16 |    37 |     2 ||    56
       Distracted        |       |       |       |     3 |    14 |     6 ||    23
       Invisible         |       |       |       |       |     3 |       ||     3
